AoeStats
← Rien

Fortress

509655670Analyzed
4v4 RM · 3d ago on Sep 27, 2026· 51m 41s· 8 players
Game mode
Random Map
Map size
Huge
Population
200
Speed
Normal
Resources
Standard
Victory
Conquest
Starting age
Dark Age
Ending age
Imperial Age
RankedLock teamsTeams togetherTeam positionsShared explorationLock speedFull tech treeHidden civsTurbo modeCheats
Victory
Defeat
🇨🇳 Britons · China
686
+17
🇦🇷 Saxons · Argentina
668
+17
🇺🇸 Bulgarians · United States
653
+18
🇫🇷 Franks · France
595
+20
🇷🇴 Portuguese · Romania
762
-21
🇦🇷 Byzantines · Argentina
744
-20
🇨🇱 Spanish · Chile
677
-17
🇨🇱 Maya · Chile
602
-14
-300
7:48 Feudal Age
15:11 Castle Age
15:06 Double-Bit Axe
15:15 Gold Mining
15:23 Stone Mining
16:07 Bow Saw
18:19 Gold Shaft Mining
23:33 Yeomen
23:54 Yeomen
30:38 Imperial Age
31:07 Wheelbarrow
31:15 Ballistics
32:28 Chemistry
31:23 Fletching
31:44 Forging
31:35 Scale Mail Armor
31:35 Padded Archer Armor
35:31 Fortified Wall
35:50 Fortified Wall
36:17 Bodkin Arrow
36:57 Iron Casting
36:38 Chain Mail Armor
36:38 Leather Archer Armor
39:18 Hand Cart
39:30 Hand Cart
40:17 Two-Man Saw
39:36 Elite Longbowman
40:23 Bracer
41:24 Blast Furnace
41:02 Conscription
44:55 Plate Mail Armor
Rien
2:31 Loom
8:49 Feudal Age
9:14 Man-at-Arms
10:35 Scale Mail Armor
11:14 Double-Bit Axe
14:52 Castle Age
13:47 Stone Mining
13:49 Gold Mining
15:01 Forging
14:57 Scale Barding Armor
16:23 Wheelbarrow
15:47 Light Cavalry
16:29 Town Watch
17:38 Long Swordsman
18:19 Squires
20:54 Pikeman
22:45 Chain Mail Armor
24:21 Hand Cart
26:07 Husbandry
27:42 Gold Shaft Mining
29:13 Town Patrol
33:04 Chain Barding Armor
33:19 Iron Casting
33:20 Bow Saw
38:31 Fervor
41:02 Caravan
52:36 Coinage
Akatius
9:21 Feudal Age
10:11 Loom
10:39 Double-Bit Axe
11:21 Horse Collar
13:48 Castle Age
14:02 Forging
14:50 Squires
15:12 Bow Saw
15:06 Heavy Plow
15:58 Town Watch
16:27 Fletching
18:02 Wheelbarrow
21:11 Stone Mining
21:39 Gambesons
21:55 Scale Mail Armor
24:46 Thumb Ring
24:02 Elite Skirmisher
24:44 Padded Archer Armor
25:43 Arson
26:16 Chain Mail Armor
26:24 Bodkin Arrow
27:32 Leather Archer Armor
28:36 Iron Casting
29:38 Caravan
34:08 Imperial Age
31:55 Hand Cart
32:50 Scale Barding Armor
34:13 Ballistics
35:14 Conscription
35:05 Bracer
35:02 Gold Mining
34:42 Capped Ram
36:07 Masonry
35:37 Elite Hearth Troop
36:28 Siege Ram
37:50 Plate Mail Armor
37:52 Ring Archer Armor
43:41 Siege Engineers
49:31 Architecture
48:57 Murder Holes
50:07 Hoardings
50:16 Hoardings
BALLHEAD_23lbj
2:46 Loom
11:49 Feudal Age
17:29 Castle Age
19:09 Gold Mining
19:08 Double-Bit Axe
19:07 Horse Collar
19:43 Stone Mining
19:57 Heavy Plow
22:18 Forging
22:14 Scale Barding Armor
24:33 Iron Casting
24:19 Chain Barding Armor
24:00 Scale Mail Armor
28:50 Gold Shaft Mining
28:56 Stone Shaft Mining
30:46 Stirrups
32:29 Wheelbarrow
32:16 Bow Saw
36:22 Imperial Age
37:43 Hand Cart
38:39 Crop Rotation
38:32 Conscription
38:16 Bagains
39:31 Blast Furnace
39:06 Plate Barding Armor
39:32 Elite Konnik
40:49 Town Watch
42:31 Town Patrol
42:15 Capped Ram
44:04 Squires
43:50 Arson
43:50 Gambesons
44:23 Chain Mail Armor
44:30 Siege Ram
44:45 Heavy Scorpion
48:19 Siege Engineers
Jeshu17hds
0:53 Loom
13:45 Feudal Age
15:34 Wheelbarrow
18:00 Castle Age
15:37 Man-at-Arms
16:04 Arson
19:02 Forging
18:42 Fletching
19:42 Hand Cart
23:21 Long Swordsman
23:21 Pikeman
24:02 Squires
23:43 Crossbowman
24:27 Scale Mail Armor
24:14 Treadmill Crane
24:29 Murder Holes
44:46 Eagle Warrior
Laserotron
10:14 Feudal Age
11:56 Wheelbarrow
11:03 Horse Collar
11:11 Double-Bit Axe
11:53 Loom
12:37 Gold Mining
12:39 Stone Mining
fernando
8:45 Feudal Age
10:54 Loom
13:19 Double-Bit Axe
17:35 Castle Age
24:18 Gold Mining
29:16 Fletching
29:26 Padded Archer Armor
31:06 Wheelbarrow
39:23 Imperial Age
39:04 Guard Tower
41:41 Fortified Wall
47:04 Husbandry
47:15 Bloodlines
47:59 Forging
47:54 Scale Barding Armor
47:12 Cavalier
48:02 Town Watch
Wispi
0:29 Loom
6:32 Feudal Age
7:01 Horse Collar
8:40 Double-Bit Axe
12:06 Wheelbarrow
18:07 Castle Age
Connection lost

Rejoining the realm…

Still unreachable

The connection could not be restored.

Session expired

The server has moved on; the page needs a fresh start.